 Dungeon Crawl Stone Soup version 0.30-a0-141-g30f27751c5 (webtiles) character file.

Game seed: 8579916952801744399

81 jimonade the Shooter (level 4, -8/25 HPs)
             Began as a Deep Elf Hunter on Sept 25, 2022.
             Mangled by a gnoll
             ... wielding a +0 flail
              (12 damage)
             ... on level 2 of the Dungeon.
             The game lasted 00:02:22 (1839 turns).

jimonade the Shooter (Deep Elf Hunter)              Turns: 1839, Time: 00:02:23

Health: -8/25      AC:  3    Str:  8    XL:     4   Next: 20%
Magic:  0/6        EV: 12    Int: 20    God:
Gold:   128        SH:  0    Dex: 20    Spells: 3/3 levels left

rFire   . . .      SeeInvis .    a - +0 shortbow
rCold   . . .      Faith    .    (shield currently unavailable)
rNeg    . . .      Spirit   +    c - +0 leather armour
rPois   .          Reflect  .    (no helmet)
rElec   .          Harm     .    (no cloak)
rCorr   .          Rampage  .    (no gloves)
Will    .....                    (no boots)
Stlth   ++........               m - amulet of guardian spirit
HPRegen 0.08/turn                n - +6 ring of intelligence
MPRegen 0.10/turn                (no ring)

@: no status effects
A: no striking features
a: no special abilities


You were on level 2 of the Dungeon.
You visited 1 branch of the dungeon, and saw 2 of its levels.

You collected 128 gold pieces.

Inventory:

Hand Weapons
 a - a +0 shortbow (weapon)
 i - a +0 sling
Missiles
 p - 11 poisoned darts
Armour
 c - a +0 leather armour (worn)
Jewellery
 m - an amulet of guardian spirit (around neck)
 n - a +6 ring of intelligence (left hand)
Scrolls
 b - a scroll of immolation
 g - a scroll of amnesia {unknown}
 h - 2 scrolls of fog {unknown}
 k - 2 scrolls of identify {unknown}
 l - a scroll of fear {unknown}
 q - a scroll of noise {unknown}
 r - a scroll of teleportation {unknown}
Potions
 d - 3 potions of brilliance {unknown}
 e - a potion of might {unknown}
 f - a potion of degeneration {unknown}
 j - a potion of attraction {unknown}
 o - a potion of curing {unknown}


   Skills:
 - Level 1.5 Fighting
 + Level 7.6 Ranged Weapons
 - Level 2.4 Dodging
 - Level 1.2 Stealth


You had 3 spell levels left.
You didn't know any spells.
Your spell library contained the following spells:

 Spells                   Type           Power      Damage    Failure   Level
 Cigotuvi's Dreadful Rot  Necr/Pois/Air  0%         N/A       38%         2
 Dispel Undead            Necr           0%         3d6       95%         4
 Death Channel            Necr           0%         N/A       100%        6


Dungeon Overview and Level Annotations

Branches:
Dungeon (2/15)

Altars:


Message History

You kill the bat!
No target in view!
No target in view!
A gnoll comes into view. It is wielding a +0 flail.
Found a stone.
A gnoll is nearby!
You shoot an arrow. The arrow hits the gnoll.
The gnoll shouts!
The gnoll is moderately wounded.
A gnoll comes into view. It is wielding a +0 spear.
You shoot an arrow. The arrow closely misses the gnoll.
The gnoll shouts!
A gnoll comes into view. It is wielding a +0 flail.
You shoot an arrow. The gnoll shouts!
The arrow hits the gnoll!
You kill the gnoll!
You shoot an arrow. The arrow barely misses the gnoll.
A gnoll comes into view. It is wielding a +0 halberd.
You shoot an arrow. The arrow hits the gnoll.
The gnoll is lightly wounded.
You shoot an arrow. The arrow hits the gnoll!
The gnoll is heavily wounded.
The gnoll closely misses you.
You shoot an arrow. The arrow hits the gnoll.
The gnoll is severely wounded.
The gnoll closely misses you.
You shoot an arrow. The arrow hits the gnoll.
The gnoll is lightly wounded.
The gnoll closely misses you.
The gnoll hits you from afar with a +0 spear.
You shoot an arrow. The arrow barely misses the gnoll.
The gnoll closely misses you. The gnoll hits you with a +0 flail!
You shoot an arrow. The arrow hits the gnoll!
The gnoll is almost dead.
The gnoll hits you from afar with a +0 halberd.
The gnoll hits you from afar with a +0 spear!
* * * LOW HITPOINT WARNING * * *
The gnoll hits you with a +0 flail!
You die...

...................
..............).........
.)............#######...
.............)# #...
..............# #...
..............# #...
.....gg.......# ###...
..............# #.....
......g@......# #.....
..............# #.....
(.............# #.....
..############# #..... .
#..... #..... #.....
#..... ######


You could see 3 gnolls.

Vanquished Creatures
  An adder (D:1)
  2 gnolls
  4 dart slugs
  6 ball pythons (D:1)
  6 bats
  3 endoplasms (D:1)
  3 giant cockroaches
  2 goblins
  5 quokkas
  4 frilled lizards
  7 kobolds
  A rat (D:2)
44 creatures vanquished.

Notes
Turn   | Place    | Note
-------+----------+-------------------------------------------
     0 | D:1      | jimonade the Deep Elf Hunter began the quest for the Orb.
     0 | D:1      | Reached XP level 1. HP: 12/12 MP: 3/3
   117 | D:1      | Reached XP level 2. HP: 16/16 MP: 4/4
   137 | D:1      | Reached skill level 6 in Ranged Weapons
   578 | D:1      | Found a faded altar of an unknown god.
   781 | D:1      | Reached XP level 3. HP: 20/20 MP: 5/5
  1014 | D:1      | Reached skill level 7 in Ranged Weapons
  1454 | D:2      | Reached XP level 4. HP: 25/25 MP: 6/6
  1839 | D:2      | Mangled by a gnoll

Illustrated notes

Levels and vault maps discovered:
D:1:      dpeg_arrival_short_road, layout_basic,
          hellmonk_ecumenical_altar_crossroads, st_stairs_8,
          hangedman_decor_growths, minmay_hedge_maze
D:2:      layout_basic

Skill      XL: |  1  2  3 |
---------------+----------+-----
Ranged Weapons | 6 7 |  7.6
Fighting       | |  1.5
Dodging        | |  2.4
Stealth        | |  1.2

Action                   |  1- 3 |  4- 6 || total
-------------------------+-------+-------++-------
 Fire: Shortbow          |   109 |    15 ||   124
Armor: Leather armour    |     8 |       ||     8
Dodge: Dodged            |    28 |     5 ||    33

Table legend: (Time is in decaauts)
 A = Elapsed time spent in this place.
 B = Non-inter-level travel time spent in this place.
 C = Inter-level travel time spent in this place.
 D = Time resting spent in this place.
 E = Time spent auto-exploring this place.
 F = Levels seen in this place.
 G = Mean time per level.
                   A        B        C        D        E       F      G
               +--------+--------+--------+--------+--------+-----+--------+
         Total |   1866 |   1833 |     33 |      0 |   1571 |   2 |  933.0 |
       Dungeon |   1866 |   1833 |     33 |      0 |   1571 |   2 |  933.0 |
               +--------+--------+--------+--------+--------+-----+--------+

Top non-repeatable levels by time:
     D:1: 1291 daAuts
     D:2: 575 daAuts
